AoeStats
← Ähmsel

Enclosed

506246435Analyzed
1v1 RM · 19d ago on Sep 12, 2026· 59m 41s· 2 players
Game mode
Random Map
Map size
Tiny (2 player)
Population
200
Speed
Normal
Resources
Standard
Victory
Conquest
Starting age
Dark Age
Ending age
Imperial Age
RankedLock teamsTeams togetherTeam positionsShared explorationLock speedFull tech treeHidden civsTurbo modeCheats
Victory
Defeat
🇩🇪 Burmese · Germany
95
+13
38
-13
cesarrepisofernandez
0:30 Loom
10:41 Feudal Age
14:45 Horse Collar
19:29 Castle Age
17:26 Man-at-Arms
18:31 Double-Bit Axe
19:31 Scale Mail Armor
20:20 Heavy Plow
23:05 Bow Saw
23:18 Forging
23:23 Town Watch
25:26 Wheelbarrow
25:42 Squires
27:28 Iron Casting
27:05 Scale Barding Armor
27:31 Fervor
27:42 Sanctity
27:29 Stone Mining
28:51 Hand Cart
30:58 Stone Shaft Mining
30:43 Chain Mail Armor
30:25 Fletching
31:10 Husbandry
31:21 Bloodlines
32:27 Light Cavalry
33:39 Chain Barding Armor
38:57 Imperial Age
39:23 Grand Trunk Road
40:40 Two-Man Saw
40:45 Blast Furnace
40:21 Plate Barding Armor
40:12 Ballistics
41:16 Conscription
41:06 Town Patrol
42:36 Heavy Camel Rider
43:41 Murder Holes
43:46 Gold Mining
44:23 Bodkin Arrow
46:45 Gold Shaft Mining
47:15 Imperial Camel Rider
49:23 Chemistry
49:00 Bracer
51:09 Illumination
52:05 Block Printing
55:03 Shatagni
55:12 Padded Archer Armor
Ähmsel
3:07 Loom
11:31 Feudal Age
12:07 Town Watch
14:05 Wheelbarrow
14:24 Horse Collar
17:15 Forging
17:06 Scale Mail Armor
19:23 Scale Barding Armor
25:28 Castle Age
26:01 Bloodlines
26:40 Heavy Plow
27:29 Padded Archer Armor
27:19 Fletching
29:31 Sanctity
29:21 Redemption
29:04 Stone Mining
31:07 Ballistics
31:50 Guard Tower
31:56 Gold Mining
34:10 Hand Cart
36:25 Town Patrol
36:44 Chain Mail Armor
35:58 Pikeman
39:07 Chain Barding Armor
39:22 Iron Casting
42:04 Imperial Age
40:33 Squires
40:21 Arson
41:38 Manipur Cavalry
43:16 Treadmill Crane
44:38 Chemistry
43:32 Heated Shot
44:56 Halberdier
47:27 Conscription
47:51 Gold Shaft Mining
50:12 Husbandry
49:32 Cavalier
51:42 Atonement
51:53 Fervor
51:59 Block Printing
52:09 Illumination
51:44 Devotion
52:20 Theocracy
51:40 Herbal Medicine
60:00 Howdah
Connection lost

Rejoining the realm…

Still unreachable

The connection could not be restored.

Session expired

The server has moved on; the page needs a fresh start.